Description

Прокси риперы (2 шт) Факта дома -> геллионы (3 шт) Прокси старпорт, техлаба (можно с барака) Медивак, невидимость баньшам, баньши Дроп геликов Прокси баньши

VOD

https://youtu.be/fjCSt9IKdlU?t=298

Build Order

Get SALT Encoding   

  12  0:00  SCV  
  13  0:12  SCV  
  14  0:18  Supply Depot  
  15  0:25  SCV  
  16  0:40  SCV  
  16  0:41  Barracks  
  16  0:47  Refinery  
  17  0:57  Refinery  
  20  1:35  Reaper  
  20  1:36  Orbital Command  
  20  1:43  Factory  
  20  1:50  Supply Depot  
  20  2:07  Reaper  
  23  2:28  Hellion  
  26  2:33  Starport  
  27  2:50  Hellion  
  29  3:07  Command Center  
  30  3:09  Starport Tech Lab  
  30  3:13  Supply Depot  
  29  3:17  Hellion  
  31  3:27  Cloaking Field  
  34  3:35  Medivac  24 scv
  34  3:43  Factory Tech Lab  
  34  3:44  Barracks  
  34  3:45  Action  Drop 3 hellions (25 SCV)
  35  3:53  Barracks  
  36  4:02  Siege Tank  
  39  4:15  Barracks Reactor  
  39  4:16  Banshee  
  42  4:10  Action  Drop, reaper
  42  4:20  Orbital Command  
  41  4:42  Marine  
  41  4:43  Siege Tank  
  42  4:47  Supply Depot  
  45  5:00  Banshee  
Spawning Tool Build Advisor. Get it on Overwolf

Go to:

Details

  • Created by: AngryDaD
  • Published on: Jun 22, 2019
  • Modified on: Jun 26, 2019
  • Patch: 4.7.1
Show
View Real Time Build Order
Export as new Build Order

Comments (1)

On June 26, 2019, 11:23 a.m., yaqh  said:

Google translate: Proxy rippers (2 pieces) Facts at home -> hellions (3 pieces) Proxy starport, tehlab (available from the hut) Medivac, invisibility of banshems, banshees

Create an account to comment!